[Event "Early-Titled-Tuesday-Blitz-February-06-2024"]
[Site "Chess.com"]
[Date "2024.02.06"]
[Round "2"]
[White "GothamChess"]
[Black "arturdailima"]
[Result "1-0"]
[WhiteElo "2716"]
[BlackElo "2380"]
[TimeControl "180+1"]
[EndTime "8:17:01 PST"]
[Termination "GothamChess won by resignation"]

1. e4 e5 2. Nf3 Nc6 3. c3 d5 4. Qa4 Bd7 5. exd5 Nd4 6. Qd1 Nxf3+ 7. Qxf3 Nf6 8. Bc4 Bd6 9. d3 O-O 10. O-O h6 11. h3 b5 12. Bb3 a5 13. a4 b4 14. Nd2 Rb8 15. c4 Qe8 16. Re1 c6 17. d4 cxd5 18. cxd5 Qe7 19. Nc4 e4 20. Nxd6 Qxd6 21. Qf4 Qb6 22. Be3 Rbc8 23. Rac1 Qa6 24. Rc5 Rxc5 25. dxc5 Qd3 26. Ba2 b3 27. Bb1 Qxd5 28. Qc7 Bxa4 29. Qxa5 Bc6 30. Qc3 Rd8 31. Kh2 Rd7 32. Re2 Bb5 33. Rd2 Qe6 34. Bd4 Bc6 35. Qg3 Qf5 36. f3 h5 37. fxe4 Bxe4 38. Bxe4 Qxe4 39.
Bxf6 1-0

[Event "Early-Titled-Tuesday-Blitz-February-06-2024"]
[Site "Chess.com"]
[Date "2024.02.06"]
[Round "2"]
[White "GustavoAOliveira"]
[Black "BigAl"]
[Result "0-1"]
[WhiteElo "2333"]
[BlackElo "2527"]
[TimeControl "180+1"]
[EndTime "8:17:02 PST"]
[Termination "BigAl won on time"]

1. d4 Nf6 2. Nf3 g6 3. Bf4 Bg7 4. e3 O-O 5. h3 d6 6. Be2 c5 7. O-O Be6 8. c4 cxd4 9. exd4 d5 10. c5 Nc6 11. Nc3 Ne4 12. Qa4 h6 13. Rfd1 f5 14. Rac1 g5 15. Bh2 a6 16. Ne5 Nxe5 17. dxe5 Nxc3 18.
Rxc3 Qe8 19. Qb3 Qc6 20. Qb6 f4 21. Qxc6 bxc6 22. Ra3 a5 23. Bg4 Bxg4 24. hxg4 Bxe5 25. Re1 Bxb2 26. Rb3 Bf6 27. g3 e5 28. gxf4 gxf4 29. f3 Rfb8 30. Reb1 Rxb3 31. Rxb3 Be7 32. Rb7 Bxc5+ 33. Kf1 Bd4 34. Ke2 Rc8 35. Kd3 c5 36.
Rd7 c4+ 37. Kc2 Rb8 0-1

[Event "Early-Titled-Tuesday-Blitz-February-06-2024"]
[Site "Chess.com"]
[Date "2024.02.06"]
[Round "2"]
[White "JiiHart"]
[Black "CADMartin"]
[Result "0-1"]
[WhiteElo "2143"]
[BlackElo "2439"]
[TimeControl "180+1"]
[EndTime "8:17:02 PST"]
[Termination "CADMartin won on time"]

1. e4 c5 2. c3 d5 3. exd5 Nf6 4. Qa4+ b5 5. Bxb5+ Nbd7 6. Bc6 Rb8 7. Nf3 Qc7 8.
O-O g6 9. Re1 Bg7 10. Ne5 O-O 11. d4 cxd4 12. cxd4 Nb6 13. Qa5 Nbxd5 14. Qxc7 Nxc7 15.
Nc3 Ne6 16. Nf3 Ng4 17. h3 Nh6 18. d5 Nc5 19. Rxe7 Nf5 20. Re1 Nd3 21. Re2 Ba6 22. Rc2 Nb4 23. Rd2 Rfd8 24. g4 Nd6 25. Ba4 Nc4 26. Rd1 Bxc3 27. bxc3 Nxd5 28. Bg5 f6 0-1

[Event "Early-Titled-Tuesday-Blitz-February-06-2024"]
[Site "Chess.com"]
[Date "2024.02.06"]
[Round "2"]
[White "SargissyanSargis"]
[Black "marsofsilva"]
[Result "0-1"]
[WhiteElo "2393"]
[BlackElo "2015"]
[TimeControl "180+1"]
[EndTime "8:17:02 PST"]
[Termination "marsofsilva won by checkmate"]

1. e4 c5 2. Nc3 Nc6 3. Bb5 Nd4 4. Nf3 a6 5. Bd3 g6 6. Nxd4 cxd4 7. Ne2 Bg7 8. O-O d5 9. c3 dxe4 10. Bxe4 Nf6 11. Bf3 d3 12. Nf4 O-O 13. Re1 Bh6 14. Qa4 Qd6 15. g3 e5 16. Ng2 b5 17.
Qh4 e4 18. Qxh6 exf3 19. Ne3 Ng4 20. Nxg4 Bxg4 21. b3 Rae8 22. Re3 Rxe3 23. Qxe3 Qd7 24. Ba3 Re8 25. Qd4 Qxd4 26. cxd4 Re2 27. Bb4 Be6 28. Rc1 Kg7 29. Rc6 Re1# 0-1

[Event "Early-Titled-Tuesday-Blitz-February-06-2024"]
[Site "Chess.com"]
[Date "2024.02.06"]
[Round "2"]
[White "anasta10"]
[Black "AlexeiShirov"]
[Result "0-1"]
[WhiteElo "2551"]
[BlackElo "2775"]
[TimeControl "180+1"]
[EndTime "8:17:03 PST"]
[Termination "AlexeiShirov won on time"]

1. Nf3 d5 2. c4 c6 3. cxd5 cxd5 4. g3 Nc6 5. Bg2 e5 6. d3 Nf6 7. O-O Be7 8. Nc3 O-O 9. Bg5 Be6 10. a3 Rc8 11. Rc1 d4 12. Bxf6 Bxf6 13. Ne4 Be7 14. Nc5 Bd5 15. b4 b6 16. Nb3 Bd6 17. Nbd2 a5 18.
b5 Na7 19. a4 Qe7 20. Nh4 Be6 21. Nc4 Bxc4 22. dxc4 f5 23. Bd5+ Kh8 24. Qd3 Qf6 25.
Rcd1 Bc5 26. e4 dxe3 27. fxe3 f4 28. Ng2 Qh6 29. Qe4 fxe3 30. Rxf8+ Rxf8 31. Kh1 Nc8 32. Re1 Nd6 33. Qxe5 Nf5 34. g4 Bd6 35. g5 Qh5 0-1

[Event "Early-Titled-Tuesday-Blitz-February-06-2024"]
[Site "Chess.com"]
[Date "2024.02.06"]
[Round "2"]
[White "Natalya_Buksa"]
[Black "mkllnd1517"]
[Result "1-0"]
[WhiteElo "2561"]
[BlackElo "2362"]
[TimeControl "180+1"]
[EndTime "8:17:03 PST"]
[Termination "Natalya_Buksa won by resignation"]

1. d4 Nf6 2. Nc3 d5 3. Bf4 a6 4. e3 e6 5. Nf3 Bd6 6. Ne5 O-O 7. g4 c5 8. g5 cxd4 9. exd4 Ne4 10. Bd3 f6 11. Nxe4 dxe4 12. Bxe4 fxe5 13. Bxh7+ Kxh7 14. Qh5+ Kg8 15. g6 Rxf4 16. Qh7+ Kf8 17. Qh8+ Ke7 18.
Qxg7+ Ke8 19. O-O-O Qf6 20. Qg8+ Qf8 21. Qh7 Rg4 22. Rhg1 Rxg1 23. Rxg1 Qxf2 24. Rd1 Qf4+ 25. Kb1 Qf3 26. Re1 Qf2 27. Rc1 Nd7 28. g7 Nf6 29. Qg6+ Ke7 30. Qg5 Qf4 31. g8=Q 1-0

[Event "Early-Titled-Tuesday-Blitz-February-06-2024"]
[Site "Chess.com"]
[Date "2024.02.06"]
[Round "2"]
[White "SereneSalmon"]
[Black "ansko1999"]
[Result "0-1"]
[WhiteElo "2286"]
[BlackElo "2684"]
[TimeControl "180+1"]
[EndTime "8:17:04 PST"]
[Termination "ansko1999 won by checkmate"]

1. Nf3 b6 2. c4 Bb7 3. Nc3 Nf6 4.
d3 Bxf3 5. gxf3 c5 6. e4 Nc6 7. Be3 d6 8. f4 g6 9. Be2 Bg7 10. Qd2 Nd7 11. O-O-O Nd4 12. Kb1 a6 13. h4 b5 14. h5 b4 15. Na4 Qa5 16. b3 Nb6 17. Nb2 Qa3 18. hxg6 fxg6 19. f5 a5 20. fxg6 hxg6 21.
Rxh8+ Bxh8 22. Rh1 Bf6 23. Bg5 Bxg5 24. Qxg5 Nxe2 25.
Qxg6+ Kd7 26. Qg4+ Kc7 27. Qxe2 a4 28. Qc2 axb3 29.
Qxb3 Qa7 30. Rh7 Kd7 31. f4 Rg8 32. Qd1 Rg2 33. Qh1 Rxb2+ 34. Kxb2 Qa3+ 35. Kb1 Qxd3+ 36. Kb2 Nxc4+ 37. Kc1 Qc3+ 38. Kd1 Qd2# 0-1

[Event "Early-Titled-Tuesday-Blitz-February-06-2024"]
[Site "Chess.com"]
[Date "2024.02.06"]
[Round "2"]
[White "annamaja"]
[Black "Roman_Ovetchkin"]
[Result "1-0"]
[WhiteElo "2382"]
[BlackElo "2640"]
[TimeControl "180+1"]
[EndTime "8:17:04 PST"]
[Termination "annamaja won by resignation"]

1. e4 c6 2. Nc3 d5 3. Nf3 Bg4 4. h3 Bxf3 5. Qxf3 e6 6. d3 g6 7.
Bd2 Bg7 8. O-O-O Nd7 9. g4 b5 10. exd5 cxd5 11. Nxb5 Qb6 12. d4 a6 13. Qa3 Bf8 14. Qa4 Rc8 15. Nc3 Rc6 16. Re1 Ne7 17. Bg2 Bg7 18. Bxd5 Rxc3 19. Bxe6 Rxc2+ 20. Kxc2 fxe6 21. Re4 Nc6 22. Rxe6+ Kf7 23. Rxc6 Qb5 24. Qxb5 axb5 25. d5 Be5 26. f4 Bb8 27. Re1 Rd8 28. Rce6 Nf8 29.
Re7+ Kg8 30. Bc3 1-0

[Event "Early-Titled-Tuesday-Blitz-February-06-2024"]
[Site "Chess.com"]
[Date "2024.02.06"]
[Round "2"]
[White "betta2004"]
[Black "Som2310"]
[Result "1-0"]
[WhiteElo "2519"]
[BlackElo "2783"]
[TimeControl "180+1"]
[EndTime "8:17:05 PST"]
[Termination "betta2004 won by resignation"]

1. e4 e6 2. Nf3 d5 3. e5 c5 4. a3 Nc6 5. b4 b6 6. c3 c4 7. d4 cxd3 8. Bxd3 Nge7 9. O-O Ng6 10. Qe2 Qc7 11. Re1 Be7 12. g3 f6 13. exf6 Bxf6 14. Bxg6+ hxg6 15. Bf4 Qf7 16. Ne5 Bxe5 17. Bxe5 Rh5 18. f4 Nxe5 19. fxe5 Bd7 20. Nd2 Rc8 21.
Rac1 Rf5 22. c4 Qe7 23. cxd5 Rxc1 24. Rxc1 exd5 25. Nf3 Kf7 26. Rc7 Kg8 27. Qd3 Kh7 28. Qxd5 Be6 29. Rxe7 Bxd5 30. Nd4 Rf8 31. Rd7 Bc4 32.
e6 Rf1+ 33. Kg2 Re1 34. e7 a5 35. bxa5 bxa5 36. Ra7 Bf7 37. Nf3 Re2+ 38. Kf1 Bc4 39.
Kg1 Kh6 40. h4 Bd5 41. Nd4 Re4 42. Kf2 Bf7 43. Nf3 Bc4 44. Ng5 Re2+ 45. Kf3 Re1 46. Ra8 Bd5+ 47. Kf2 Bxa8 48. Kxe1 Bc6 49. Ne6 Kh5 50.
Nxg7+ Kg4 51. Kf2 1-0

[Event "Early-Titled-Tuesday-Blitz-February-06-2024"]
[Site "Chess.com"]
[Date "2024.02.06"]
[Round "2"]
[White "Andrey_Klymchuk"]
[Black "Nf3c5"]
[Result "0-1"]
[WhiteElo "2770"]
[BlackElo "2573"]
[TimeControl "180+1"]
[EndTime "8:17:06 PST"]
[Termination "Nf3c5 won by checkmate"]

1. e4 e5 2. Nf3 Nc6 3. Bb5 Nf6 4. Qe2 Bd6 5. O-O O-O 6. c3 Re8 7. Rd1 a6 8. Ba4 Bf8 9. d3 h6 10. Nbd2 b5 11. Bc2 d5 12. Nf1 Rb8 13. a3 Be6 14. b4 g6 15. Bb2 Bg7 16. N1d2 Nh5 17. g3 Bg4 18. Nf1 d4 19. Bb3 Qd7 20. Rac1 Nd8 21. cxd4 exd4 22. h4 Ne6 23. N1h2 Nef4 24.
Qd2 Bxf3 25. Nxf3 Qh3 26. Ne1 Be5 27. Rc5 Nxg3 28. fxg3 Qxg3+ 29. Ng2 Nh3+ 30. Kf1 Qh2 31. Rxe5 Rxe5 32. Qxh6 Qg1+ 33. Ke2 Qxg2+ 34. Ke1 Qf2# 0-1

[Event "Early-Titled-Tuesday-Blitz-February-06-2024"]
[Site "Chess.com"]
[Date "2024.02.06"]
[Round "2"]
[White "ProChessWICTH"]
[Black "DarkAlekhine"]
[Result "0-1"]
[WhiteElo "2541"]
[BlackElo "2754"]
[TimeControl "180+1"]
[EndTime "8:17:06 PST"]
[Termination "DarkAlekhine won by resignation"]

1. e4 c5 2. Nf3 d6 3. c3 Nf6 4. h3 g6 5. Bd3 Bg7 6. O-O Nc6 7.
Bc2 e5 8. d4 exd4 9. cxd4 cxd4 10.
Nxd4 O-O 11. Nc3 d5 12. Nxc6 bxc6 13. exd5 Nxd5 14. Ne4 a5 15. Rb1 Ba6 16. Re1 Qb6 17. Bb3 Rad8 18. Bg5 f6 19. Be3 Qb8 20. Nc5 Bc8 21. Bd2 Qb5 22. Ne6 Bxe6 23. Rxe6 Kh8 24. Qe2 a4 25. Bc4 Qb7 26. Bxd5 cxd5 27. Bf4 d4 28.
Re7 Rd7 29. Rxd7 Qxd7 30. Qd3 f5 31. Rc1 Rc8 32. Rxc8+ Qxc8 33. Kh2 h6 34. Bd2 Qc6 35. b3 axb3 36. axb3 Kg8 37. b4 Qe4 38. Qc4+ Kh7 39. b5 Be5+ 40. Kg1 Qb1+ 41. Qf1 Bh2+ 42. Kxh2 Qxf1 43.
b6 Qb5 0-1

[Event "Early-Titled-Tuesday-Blitz-February-06-2024"]
[Site "Chess.com"]
[Date "2024.02.06"]
[Round "2"]
[White "Kostukov_Alex"]
[Black "NMJeevanK"]
[Result "0-1"]
[WhiteElo "2300"]
[BlackElo "2585"]
[TimeControl "180+1"]
[EndTime "8:17:06 PST"]
[Termination "NMJeevanK won by checkmate"]

1. g3 c5 2. Bg2 Nc6 3. c4 b6 4.
Nf3 Bb7 5. O-O Nf6 6. Nc3 Rb8 7. e3 e6 8. d4 d5 9. cxd5 exd5 10. Ne5 Nxe5 11.
dxe5 Ne4 12. f4 Nxc3 13. bxc3 Be7 14. Qg4 O-O 15. f5 f6 16. e6 Kh8 17. Rd1 Qc7 18. h4 Rbd8 19. Bb2 Qe5 20. Qf3 Ba8 21. Qf4 Bd6 22.
Qxe5 Bxe5 23. Rab1 Rfe8 24. Rd2 Bxg3 25. Bf3 g6 26.
fxg6 hxg6 27. h5 Rxe6 28. hxg6 Rxe3 29. Kg2 Be5 30. Rh1+ Kg7 31. Rh7+ Kxg6 32. Rxa7 Rh8 33. Bg4 Rh2+ 34. Kg1 Rxd2 35. Rxa8 Re1# 0-1

[Event "Early-Titled-Tuesday-Blitz-February-06-2024"]
[Site "Chess.com"]
[Date "2024.02.06"]
[Round "2"]
[White "Djager97"]
[Black "Zohid6"]
[Result "0-1"]
[WhiteElo "2590"]
[BlackElo "2869"]
[TimeControl "180+1"]
[EndTime "8:17:07 PST"]
[Termination "Zohid6 won by resignation"]

1. e4 e5 2. Nf3 Nf6 3. Nc3 Nc6 4. d4 exd4 5. Nxd4 Bb4 6. Nxc6 bxc6 7. Bd3 d5 8. exd5 O-O 9. O-O cxd5 10. h3 c6 11. Qf3 Bd6 12. Bg5 Rb8 13. b3 h6 14. Bxf6 Qxf6 15. Qxf6 gxf6 16. Ne2 c5 17. c4 d4 18. Ng3 Bxg3 19. fxg3 Kg7 20. Rf4 Re8 21. Raf1 Rb6 22. g4 Re3 23. R4f3 Re5 24. Kf2 a5 25. Re1 a4 26. Bc2 a3 27. Re2 Bb7 28. Rf5 Rbe6 29. Bd3 Re3 30. Rd2 R6e5 31. Be2 Rc3 32. Bf3 Rxf5 33. gxf5 Bxf3 34. gxf3 h5 35. h4 Kf8 36. Kg3 Ke7 37. Kf4 Kd6 38. Rg2 Rc1 39. Rg7 Ke7 40. Rh7 Re1 41. Rxh5 d3 0-1

[Event "Early-Titled-Tuesday-Blitz-February-06-2024"]
[Site "Chess.com"]
[Date "2024.02.06"]
[Round "2"]
[White "Njal28"]
[Black "DonJuanEGenaro"]
[Result "1-0"]
[WhiteElo "3072"]
[BlackElo "2036"]
[TimeControl "180+1"]
[EndTime "8:17:07 PST"]
[Termination "Njal28 won on time"]

1. e4 c5 2. Nf3 Nc6 3. Bb5 e6 4.
Bxc6 bxc6 5. d3 d5 6. O-O Nf6 7. Nbd2 Be7 8. Re1 O-O 9. b3 a5 10. a4 Ba6 11. Ne5 Qc7 12. Bb2 Bd6 13. Nef3 Nd7 14.
Nf1 Rad8 15. Ng3 d4 16. Bc1 f6 17. Bd2 Ne5 18. Nxe5 Bxe5 19. Rf1 f5 20. f4 Bf6 21.
Qe1 g6 22. Bxa5 Qd7 23. e5 Bh4 24. Bxd8 Rxd8 25. Qa5 Ra8 26. Qd2 Qd5 27. Qe2 Rd8 28. Qf3 Qd7 29. Ne2 Bb7 30. Qh3 Be7 31. a5 Kh8 32. a6 Ba8 33. a7 Rg8 34. Rf3 Qc7 35.
Rg3 g5 36. fxg5 Bxg5 37. Qh5 Be3+ 38. Kh1 Rxg3 39. Nxg3 Qe7 40. Nxf5 exf5 41. Qxf5 1-0

[Event "Early-Titled-Tuesday-Blitz-February-06-2024"]
[Site "Chess.com"]
[Date "2024.02.06"]
[Round "2"]
[White "soloderisas"]
[Black "MNyuyu"]
[Result "1-0"]
[WhiteElo "2513"]
[BlackElo "2314"]
[TimeControl "180+1"]
[EndTime "8:17:07 PST"]
[Termination "soloderisas won by resignation"]

1. d4 e6 2. Nf3 f5 3. Bf4 Nf6 4. e3 Be7 5. c4 O-O 6. h3 Bb4+ 7. Nc3 Bxc3+ 8. bxc3 b6 9. a4 a5 10. Qb3 Ba6 11. Be2 Kh8 12. O-O d6 13. Rfd1 Nbd7 14.
Bf1 Qe7 15. Qa3 Ne4 16. Bh2 g5 17. Nd2 Ndf6 18. Nxe4 Nxe4 19. f3 Nf6 20. Rab1 g4 21. c5 Bxf1 22. cxd6 Qg7 23. Kxf1 gxh3 24. gxh3 Qh6 25.
Be5 Qxh3+ 26. Kf2 Kg8 27. Rg1+ Ng4+ 28. Ke2 Kf7 29. fxg4 fxg4 30. Rbf1+ Kg6 31. dxc7 Rf3 32. Rxf3 Qxf3+ 33. Kd3 Qf5+ 34. Kc4 b5+ 35. axb5 a4 36. Qe7 a3 37. Qg7+ 1-0

[Event "Early-Titled-Tuesday-Blitz-February-06-2024"]
[Site "Chess.com"]
[Date "2024.02.06"]
[Round "2"]
[White "GrumbleBruno"]
[Black "ClaudiaSof"]
[Result "1-0"]
[WhiteElo "2480"]
[BlackElo "2247"]
[TimeControl "180+1"]
[EndTime "8:17:08 PST"]
[Termination "GrumbleBruno won by checkmate"]

1. e4 c5 2. c3 Nf6 3. e5 Nd5 4. d4 cxd4 5. cxd4 Nc6 6. Nc3 e6 7. Nf3 d6 8. Bd3 dxe5 9. dxe5 Be7 10. O-O O-O 11. Nxd5 Qxd5 12. Qe2 Rd8 13. Rd1 Qa5 14. Bd2 Qc7 15. Rac1 Bd7 16. Bg5 Qb6 17. Rxc6 Bxc6 18. Bxe7 Rd7 19. Bd6 Bxf3 20. Qxf3 Qxb2 21.
h3 Qxa2 22. Bb5 Rdd8 23. Qxb7 Qc2 24. Qf3 Rac8 25. Bd3 Qc3 26. Rb1 a5 27. Qe4 g6 28.
Bf1 Qc6 29. Qf4 Qd7 30. Ra1 a4 31. Qxa4 Qxa4 32. Rxa4 Rc1 33. g3 Rdc8 34. Kg2 R8c2 35.
Ra8+ Kg7 36. Bf8+ Kg8 37. Bh6+ Rc8 38. Ra2 R1c2 39. Ra4 R2c5 40. Bf4 g5 41. Bxg5 Rxe5 42. Bf4 Rec5 43. Bd3 Rc3 44. Be4 Rf8 45. Be5 Rcc8 46.
Bb7 Rc3 47. Rg4# 1-0

[Event "Early-Titled-Tuesday-Blitz-February-06-2024"]
[Site "Chess.com"]
[Date "2024.02.06"]
[Round "2"]
[White "NM_Antelacus"]
[Black "zsoltkorpics"]
[Result "0-1"]
[WhiteElo "2234"]
[BlackElo "2476"]
[TimeControl "180+1"]
[EndTime "8:17:08 PST"]
[Termination "zsoltkorpics won by resignation"]

1. e4 c5 2. Nf3 e6 3. c3 Nf6 4. e5 Nd5 5. d4 cxd4 6. cxd4 d6 7.
Nc3 Nxc3 8. bxc3 Qc7 9. Qb3 Bd7 10. Bd3 Bc6 11. exd6 Bxd6 12. Bb5 O-O 13. Bxc6 Nxc6 14.
O-O Rac8 15. Bd2 Na5 16. Qc2 Nc4 17. Rac1 b6 18. Qd3 Ba3 19. Rc2 h6 20. Re1 Rfd8 21.
Bc1 Be7 22. Qe2 Bf6 23. g3 Qc6 24. Bf4 Qd5 25. Be5 Nxe5 26. Nxe5 Rc7 27. Rec1 Rdc8 28. Nd3 a5 29. Nf4 Qf5 30. Nd3 b5 31. a3 Be7 32.
a4 bxa4 33. Ne5 Bd6 34. f4 a3 35. Qb5 Bb4 36. c4 Qe4 37. Qb6 a2 38. Rxa2 Qe3+ 39. Kg2 Qxc1 40. Nd3 Qb1 41. Nxb4 axb4 0-1

[Event "Early-Titled-Tuesday-Blitz-February-06-2024"]
[Site "Chess.com"]
[Date "2024.02.06"]
[Round "2"]
[White "DenLaz"]
[Black "Boundless_Strike"]
[Result "1-0"]
[WhiteElo "3066"]
[BlackElo "2664"]
[TimeControl "180+1"]
[EndTime "8:17:09 PST"]
[Termination "DenLaz won by resignation"]

1. d4 e5 2. dxe5 d6 3. Nf3 Bg4 4. Bg5 Qd7 5. exd6 Bxd6 6. Nc3 f6 7. Bh4 Nc6 8. Ne4 Bb4+ 9. c3 Qe7 10. Ned2 Bd6 11.
Qa4 Nh6 12. e3 O-O-O 13. Bb5 Ne5 14. Qxa7 c6 15. Be2 Nf5 16. Bg3 Nxg3 17. hxg3 Bc5 18. Qa8+ Kc7 19. Qa5+ Bb6 20. Qb4 Qxb4 21. cxb4 Nd3+ 22.
Bxd3 Rxd3 23. Nc4 Ba7 24. Ke2 Rhd8 25. Rhd1 Bf5 26. b3 Be4 27. Ne1 R3d5 28. Rxd5 cxd5 29.
Nd2 Bg6 30. Rc1+ Kb8 31. Nef3 d4 32. exd4 Bxd4 33. Nxd4 Rxd4 34. a3 b6 35. Rc3 Kb7 36. f3 Rd8 37. b5 Rd5 38. a4 Re5+ 39. Re3 Rd5 40. Re7+ Kb8 41. Rxg7 Re5+ 42. Kf2 Bd3 43. Nc4 Re2+ 44. Kg1 Bxc4 45. bxc4 Ra2 46. Rf7 Rxa4 47. Rxf6 Kb7 48. Rc6 Ra2 49. g4 1-0

[Event "Early-Titled-Tuesday-Blitz-February-06-2024"]
[Site "Chess.com"]
[Date "2024.02.06"]
[Round "2"]
[White "le_poisson"]
[Black "Crazy_girl99"]
[Result "0-1"]
[WhiteElo "2307"]
[BlackElo "2615"]
[TimeControl "180+1"]
[EndTime "8:17:09 PST"]
[Termination "Crazy_girl99 won by resignation"]

1. e4 e5 2. Nf3 Nc6 3. Bb5 a6 4. Ba4 Nf6 5. O-O Be7 6. Re1 b5 7. Bb3 d6 8. c3 O-O 9. h3 Nb8 10. d4 Nbd7 11. Nbd2 Bb7 12. Bc2 Re8 13. Nf1 Bf8 14.
Ng3 g6 15. a4 c6 16. Bg5 h6 17.
Be3 Bg7 18. Qd2 Kh7 19. Nh2 Qc7 20. f4 c5 21. d5 exf4 22. Bxf4 Ne5 23. Rf1 Nfd7 24.
Rae1 Re7 25. h4 h5 26. Bg5 f6 27. Bf4 Rae8 28. Nf3 Nxf3+ 29. Rxf3 Ne5 30. Bxe5 Rxe5 31. Ref1 Bc8 32. Qd1 Bg4 33. axb5 axb5 34. Qd3 c4 35. Qd4 Bxf3 36. Rxf3 Qc5 37. Qxc5 dxc5 38. Rf1 b4 39. Rd1 b3 40. Bb1 Ra8 41. Nf1 Ra1 42. Ne3 Bh6 43. Nxc4 Rxe4 44. d6 Bf4 45. d7 Bc7 46. d8=Q Bxd8 47.
Rxd8 Rxb1+ 48. Kh2 Rxc4 49. Rd7+ Kh6 0-1

[Event "Early-Titled-Tuesday-Blitz-February-06-2024"]
[Site "Chess.com"]
[Date "2024.02.06"]
[Round "2"]
[White "ChessRespected"]
[Black "simonachess"]
[Result "1-0"]
[WhiteElo "2533"]
[BlackElo "2339"]
[TimeControl "180+1"]
[EndTime "8:17:09 PST"]
[Termination "ChessRespected won on time"]

1. d4 Nf6 2. Nf3 e6 3. e3 b6 4. Bd3 Bb7 5. O-O Be7 6. c4 d6 7.
Nc3 Nbd7 8. e4 e5 9. d5 a5 10.
Be3 O-O 11. Nd2 Ne8 12. a3 Bg5 13. Qe2 g6 14. b4 f5 15. exf5 gxf5 16. Bxg5 Qxg5 17.
f4 Qg6 18. fxe5 dxe5 19. Nf3 e4 20. Nxe4 fxe4 21. Bxe4 Qg7 22. Nh4 Nd6 23. Bd3 Ne5 24. Nf5 Nxf5 25. Bxf5 axb4 26. Rae1 Ng6 27. axb4 Kh8 28.
Be6 Rf6 29. Rxf6 Qxf6 30. Rf1 Qd4+ 31. Kh1 Ra1 32. h3 Nf4 33. Qf3 Rxf1+ 34. Qxf1 Qe4 35. Qa1+ 1-0

[Event "Early-Titled-Tuesday-Blitz-February-06-2024"]
[Site "Chess.com"]
[Date "2024.02.06"]
[Round "2"]
[White "GMRAVEN_ON_YOUTUBE"]
[Black "arenal72"]
[Result "1-0"]
[WhiteElo "2786"]
[BlackElo "2557"]
[TimeControl "180+1"]
[EndTime "8:17:11 PST"]
[Termination "GMRAVEN_ON_YOUTUBE won by checkmate"]

1. f4 d5 2. Nf3 g6 3. e3 Bg7 4. c4 c6 5. Nc3 Nf6 6. d4 O-O 7. Be2 Bf5 8. O-O Ne4 9. Qb3 Nxc3 10.
bxc3 b6 11. Ne5 Be4 12. Ba3 Bxe5 13. fxe5 Qd7 14. Rf4 Na6 15. cxd5 Bxd5 16. c4 Be6 17.
Rd1 Nc7 18. e4 Rad8 19. d5 cxd5 20. cxd5 Nxd5 21. exd5 Bxd5 22. Qe3 Qe6 23. Bg4 f5 24. Be2 Bxa2 25. Rfd4 Rxd4 26. Qxd4 Rc8 27. Rd2 Bc4 28. Bf3 a5 29. h4 b5 30. Bc5 a4 31. h5 g5 32. h6 g4 33. Bb7 Rf8 34. Qf4 Kf7 35. Bb4 Kg6 36. g3 Qb6+ 37. Kh2 Qxb7 38. e6 Qf3 39.
Qe5 Rf6 40. Bxe7 Rxe6 41. Qg7+ Kh5 42. Qg5# 1-0

[Event "Early-Titled-Tuesday-Blitz-February-06-2024"]
[Site "Chess.com"]
[Date "2024.02.06"]
[Round "2"]
[White "twofoxniel"]
[Black "the_chess_child"]
[Result "1-0"]
[WhiteElo "2625"]
[BlackElo "2885"]
[TimeControl "180+1"]
[EndTime "8:17:12 PST"]
[Termination "twofoxniel won by resignation"]

1. e4 c5 2. c3 e5 3. Nf3 Nc6 4. Bc4 Nf6 5. Ng5 d5 6. exd5 Nxd5 7. d4 cxd4 8. O-O Be7 9. Qh5 g6 10. Qh6 Bf8 11. Qh4 h6 12. Qe4 Bf5 13. Qxd5 Qxd5 14. Bxd5 hxg5 15. Bxg5 Be7 16. Bxe7 Kxe7 17. cxd4 Nxd4 18. Nc3 Rab8 19. f4 Nc2 20. Rac1 Ne3 21.
Rf3 exf4 22. Rxf4 Nxd5 23. Nxd5+ Kd6 24. Ne3 Be6 25. Rd4+ Ke5 26. Rb4 b6 27. Rc7 Rbc8 28.
Rxa7 Rc1+ 29. Kf2 Rd8 30. Ke2 Rd6 31. a4 f5 32. g3 g5 33. a5 bxa5 34. Rxa5+ Kf6 35.
h4 gxh4 36. Rxh4 Rh1 37. Rxh1 1-0

[Event "Early-Titled-Tuesday-Blitz-February-06-2024"]
[Site "Chess.com"]
[Date "2024.02.06"]
[Round "2"]
[White "WindWhistler11"]
[Black "Cubitas"]
[Result "0-1"]
[WhiteElo "2503"]
[BlackElo "2722"]
[TimeControl "180+1"]
[EndTime "8:17:12 PST"]
[Termination "Cubitas won on time"]

1. Nf3 Nf6 2. g3 g6 3. Bg2 Bg7 4. b3 O-O 5. Bb2 a5 6. d4 a4 7. O-O axb3 8. axb3 Rxa1 9. Bxa1 b6 10. Ne5 d6 11. Nd3 c5 12. dxc5 bxc5 13. Nd2 Qc7 14.
e4 Nbd7 15. Nc4 Bb7 16. Re1 Ra8 17. Bb2 h5 18. e5 Ng4 19. e6 Bxg2 20. exf7+ Kxf7 21. Bxg7 Qc6 22. Bb2 Bf3 23. Qd2 Bh1 24. f3 Bxf3 25.
Qf4+ Ndf6 26. Bxf6 exf6 27. Nxd6+ Kg7 28. h3 Bh1 0-1

[Event "Early-Titled-Tuesday-Blitz-February-06-2024"]
[Site "Chess.com"]
[Date "2024.02.06"]
[Round "2"]
[White "Shushik"]
[Black "KuzubovYuriy"]
[Result "1-0"]
[WhiteElo "2532"]
[BlackElo "2901"]
[TimeControl "180+1"]
[EndTime "8:17:12 PST"]
[Termination "Shushik won on time"]

1. e4 e6 2. d4 d5 3. Nd2 Nc6 4. Ngf3 Nf6 5. e5 Nd7 6. Bd3 Nb4 7. Be2 c5 8. c3 Nc6 9. Bd3 Qb6 10. O-O Be7 11.
Re1 cxd4 12. cxd4 Nxd4 13. Nxd4 Qxd4 14. Nf3 Qb6 15. Qa4 Qb4 16. Qc2 h6 17. Bd2 Qb6 18.
Rac1 O-O 19. Be3 Qd8 20. Qa4 Kh8 21. Bb1 Rg8 22. Qg4 Qf8 23. Qh3 f5 24. exf6 Bxf6 25. Qxe6 Nb6 26. Ne5 g5 27. Rxc8 Rxc8 28. Ng6+ Rxg6 29.
Bxg6 Rc6 30. Qh3 Kg7 31. Bd3 d4 32. Qf5 Qg8 33. Bxd4 1-0

[Event "Early-Titled-Tuesday-Blitz-February-06-2024"]
[Site "Chess.com"]
[Date "2024.02.06"]
[Round "2"]
[White "Dinosaurio_1975"]
[Black "Jumbo"]
[Result "0-1"]
[WhiteElo "2588"]
[BlackElo "2860"]
[TimeControl "180+1"]
[EndTime "8:17:14 PST"]
[Termination "Jumbo won on time"]

1. e4 c5 2. Nf3 d6 3. Bb5+ Nd7 4. c3 Nf6 5. Bd3 g6 6. Bc2 Bg7 7. d4 O-O 8. O-O b5 9. e5 Ne8 10. Re1 cxd4 11. cxd4 Nb6 12. Nc3 b4 13. Ne4 Bg4 14.
Bf4 Rc8 15. Bb3 dxe5 16. dxe5 Qxd1 17. Raxd1 Nc7 18. h3 Bxf3 19. gxf3 Rfd8 20. Bg5 Kf8 21. Rxd8+ Rxd8 22. Nd6 Ncd5 23. Rd1 h6 24. Bxd5 hxg5 25. Nxf7 Rxd5 26. Rxd5 Nxd5 27. Nxg5 Bxe5 28. b3 Nf4 0-1

[Event "Early-Titled-Tuesday-Blitz-February-06-2024"]
[Site "Chess.com"]
[Date "2024.02.06"]
[Round "2"]
[White "DeArron_Fox"]
[Black "Mackster23"]
[Result "0-1"]
[WhiteElo "2473"]
[BlackElo "2714"]
[TimeControl "180+1"]
[EndTime "8:17:14 PST"]
[Termination "Mackster23 won on time"]

1. d4 Nf6 2. c4 e6 3. Nf3 d5 4.
e3 c5 5. Nc3 Nc6 6. cxd5 Nxd5 7.
Bd3 cxd4 8. exd4 Be7 9. O-O O-O 10. Re1 Bf6 11. a3 b6 12. Nxd5 exd5 13. Qc2 Nxd4 14. Nxd4 Bxd4 15. Bxh7+ Kh8 16. Rd1 Qf6 17. Bd3 Bg4 18. Rf1 Rac8 19. Qa4 Rfe8 20. Be3 Bxe3 21. Qxg4 Bh6 22. g3 Qxb2 23. Qf5 g6 24. Qxf7 Qg7 25. Qxg6 Qxg6 26. Bxg6 Re2 27. Rad1 Rd8 28. Rd3 Kg7 29. Bh5 Re5 30. Bf3 d4 31. Rfd1 Ra5 32. Kg2 Kf7 33.
Bh5+ Rxh5 0-1

[Event "Early-Titled-Tuesday-Blitz-February-06-2024"]
[Site "Chess.com"]
[Date "2024.02.06"]
[Round "2"]
[White "FlemingA"]
[Black "NtcPou"]
[Result "1-0"]
[WhiteElo "2419"]
[BlackElo "2017"]
[TimeControl "180+1"]
[EndTime "8:17:15 PST"]
[Termination "FlemingA won on time"]

1. g3 d5 2. Bg2 Nf6 3. b3 Bf5 4.
Bb2 e6 5. Nf3 Be7 6. d3 O-O 7. O-O h6 8. Nbd2 c5 9. Re1 Bh7 10. e4 Nc6 11. Qe2 Re8 12. e5 Nd7 13.
h4 f6 14. Bh3 Nf8 15. a3 fxe5 16. Nxe5 Nxe5 17. Bxe5 Bf6 18. Nf3 Bf5 19. Bg2 Bg4 20. Qe3 Nd7 21. Bxf6 Qxf6 22. Ne5 Nxe5 23. Qxe5 Rac8 24.
Re3 Qxe5 25. Rxe5 Kf7 26. Rae1 Bf5 27. Bf3 Rc6 28. Bh5+ g6 29. Bf3 h5 30. Bxd5 exd5 31. Rxe8 Be6 32. Rb8 Rc7 33. a4 c4 34. d4 cxb3 35.
cxb3 1-0